 Dungeon Crawl Stone Soup version 0.22.1-6-g1668fe2c40 (webtiles) character file.

1894 Kisielow the Carver (level 8, -7/70 HPs)
             Began as a Minotaur Fighter on Jan 24, 2019.
             Was a Believer of Okawaru.
             Splashed by a centaur's acid (9 damage)
             ... on level 6 of the Dungeon.
             The game lasted 00:09:07 (4715 turns).

Kisielow the Carver (Minotaur Fighter)              Turns: 4715, Time: 00:09:10

Health: -7/70      AC:  4    Str: 22    XL:     8   Next: 93%
Magic:  19/19      EV:  8    Int:  5    God:    Okawaru [**....]
Gold:   268        SH: 10    Dex: 11    Spells: 7/7 levels left

rFire    . . .     SeeInvis .   r - +0 long sword (pain)
rCold    . . .     Gourm    .   c - +0 shield
rNeg     . . .     Faith    .   b - +0 scale mail
rPois    .         Spirit   .   (helmet restricted)
rElec    .         Reflect  .   l - +0 cloak
rCorr    .         Harm     .   (no gloves)
MR       .....                  (no boots)
Stlth    ..........             (no amulet)
HPRegen  0.21/turn              k - ring of magical power
MPRegen  0.16/turn              (no ring)

@: corroded
A: retaliatory headbutt, horns 2
a: Heroism, Renounce Religion


You were on level 6 of the Dungeon.
You worshipped Okawaru.
Okawaru was pleased with you.
You were not hungry.

You visited 2 branches of the dungeon, and saw 7 of its levels.
You also visited: Ossuary.

You collected 268 gold pieces.

Inventory:

Hand Weapons
 r - a +0 long sword of pain (weapon)
Armour
 b - a +0 scale mail (worn)
 c - a +0 shield (worn)
 l - a +0 cloak (worn)
Jewellery
 k - a ring of magical power (left hand)
 m - an uncursed amulet of faith
 x - the ring "Hehygu Farua" {*Tele rF++ Slay+4, unknown}
   (You took it off an orc on level 6 of the Dungeon)

   [ring of teleportation]

   It may teleport you next to monsters.
   It affects your accuracy and damage with ranged weapons and melee attacks
   (+4).
   It greatly protects you from fire.
Wands
 v - a wand of digging (4)
Scrolls
 a - 2 scrolls of magic mapping
 e - 9 scrolls of identify
 j - 4 scrolls of teleportation
 s - 2 scrolls of fear
 u - a scroll of enchant weapon
Potions
 d - a potion of might
 g - a potion of berserk rage {unknown}
 h - 3 potions of brilliance {unknown}
 i - a potion of heal wounds
 o - 3 potions of curing {unknown}
 p - 2 potions of haste {unknown}
 q - a potion of cancellation {unknown}
 t - a potion of magic {unknown}
 w - a potion of lignification {unknown}
Comestibles
 f - 14 rations
 n - 4 chunks of flesh


   Skills:
 - Level 6.0 Fighting
 - Level 8.7 Long Blades
 - Level 6.0 Armour
 - Level 6.0 Shields
 * Level 5.1 Invocations
 * Level 2.2 Evocations


You had 7 spell levels left.
You didn't know any spells.
Your spell library was empty.

Dungeon Overview and Level Annotations

Branches:
Dungeon (6/15)             Temple (1/1) D:4

Altars:
Dithmenos
Elyvilon
Fedhas
Gozag
Kikubaaqudgha
Makhleb
Nemelex Xobeh
Okawaru
Qazlal
Sif Muna
Trog
Uskayaw
Xom
Yredelemnul
The Shining One

Annotations:
D:4 1 runed door


Innate Abilities, Weirdness & Mutations

You reflexively headbutt those who attack you in melee.
You have a pair of horns on your head.


Message History

Some of the chunks of flesh in your inventory have rotted away.
Some of the chunks of flesh in your inventory have rotted away.
You now have 268 gold pieces (gained 15).
You open the door.
There is an open door here.
A centaur comes into view.
The centaur wields a shortbow.
The centaur shoots an arrow.
You block the arrow.
The centaur shoots an arrow.
The arrow hits you!
The centaur zaps a wand.
The bolt of acid hits you!
You are splashed with acid!
The acid burns!
It is a wand of acid (4).
The centaur shoots an arrow.
You block the arrow.
You see here an arrow.
You hit the centaur but do no damage.
The centaur zaps a wand.
The bolt of acid hits you!
You are splashed with acid!
The acid burns!
* * * LOW HITPOINT WARNING * * *
The centaur zaps a wand.
The bolt of acid hits you!
* * * LOW HITPOINT WARNING * * *
The acid corrodes you!
You are splashed with acid!
The acid burns!
You die...

.....#...........#.#.....# #.....
.....#.............#.....# ###.#.
.....#...........###.....#####.#.
#....#.........#####.............
#....###.......#.............#...
#.##.###.......#.............#...
#'##.....#.....#....#........#...
...#####.#.....#c...##...........
...#####.#.....#@...##..<........
...............#(...#######....##
...............#....# #####....#
#.#.........#.......# #.....#....
#.#..[......####....###.###.##.#.
..#.........'.##........#...##.#.
............#.##....###....).#...
............#.##...>#.........###
................#................


You could see a centaur.

Vanquished Creatures
  The ghost of Peloso the Shield-Bearer, an amateur MiFi (D:4)
  Grinder (D:3)
  Prince Ribbit (D:5)
  A sky beast (D:4)
  2 ogres
  A centaur (D:5)
  3 elf zombies (Ossuary)
  A crimson imp (D:2)
  A centaur zombie (Ossuary)
  A hound (D:5)
  An orc priest (D:6)
  An orc wizard (D:5)
  2 jellies (D:6)
  A human zombie (Ossuary)
  3 iguanas
  3 worker ants
  2 big kobold zombies (Ossuary)
  A hound zombie (Ossuary)
  A hound skeleton (D:4)
  3 mummies (Ossuary)
  A worker ant zombie (D:5)
  10 adders
  A shadow imp (D:5)
  An adder zombie (Ossuary)
  An adder skeleton (D:4)
  A worm (D:2)
  3 dart slugs
  3 leopard geckos
  16 orcs
  A ball python (D:6)
  6 giant cockroaches
  8 goblins
  6 hobgoblins
  6 jackals
  A quokka (D:2)
  5 bats
  A frilled lizard (D:5)
  A gnoll zombie (Ossuary)
  5 goblin zombies (Ossuary)
  A hobgoblin zombie (Ossuary)
  3 jackal zombies (Ossuary)
  9 kobolds
  7 kobold zombies (Ossuary)
  2 orc zombies (Ossuary)
  2 quokka skeletons (D:4)
  4 quokka zombies (Ossuary)
  12 rats
  3 rat zombies (Ossuary)
151 creatures vanquished.

Notes
Turn   | Place    | Note
-------+----------+-------------------------------------------
     0 | D:1      | Kisielow the Minotaur Fighter began the quest for the Orb.
     0 | D:1      | Reached XP level 1. HP: 19/19 MP: 0/0
    58 | D:1      | Reached skill level 3 in Long Blades
   287 | D:1      | Reached XP level 2. HP: 26/26 MP: 1/1
   508 | D:1      | Reached skill level 4 in Long Blades
   756 | D:1      | Reached XP level 3. HP: 31/31 MP: 2/2
   870 | D:2      | Reached skill level 5 in Long Blades
   870 | D:2      | Reached XP level 4. HP: 30/39 MP: 3/3
  1403 | D:3      | Found an opulent altar of Gozag.
  2065 | D:3      | Noticed Grinder
  2076 | D:3      | Killed Grinder
  2076 | D:3      | Reached skill level 6 in Long Blades
  2076 | D:3      | Reached XP level 5. HP: 34/47 MP: 4/4
  2076 | D:3      | Reached XP level 6. HP: 39/53 MP: 5/5
  2544 | D:4      | Found a sand-covered staircase.
  2549 | Ossuary  | Entered an ossuary
  2594 | Ossuary  | Reached skill level 7 in Long Blades
  2791 | Ossuary  | Reached XP level 7. HP: 48/60 MP: 6/6
  2809 | Ossuary  | Reached skill level 5 in Fighting
  2809 | Ossuary  | Reached skill level 5 in Armour
  2809 | Ossuary  | Reached skill level 5 in Shields
  3037 | D:4      | Found a staircase to the Ecumenical Temple.
  3074 | Temple   | Entered the Ecumenical Temple
  3086 | Temple   | Became a worshipper of Warmaster Okawaru
  3112 | D:4      | Found a runed door.
  3119 | D:4      | Noticed Peloso's ghost (amateur MiFi)
  3136 | D:4      | Killed Peloso's ghost
  3136 | D:4      | Reached skill level 8 in Long Blades
  3145 | D:4      | Found a runed door.
  3200 | D:4      | Reached * piety under Okawaru
  3200 | D:4      | Reached XP level 8. HP: 46/70 MP: 7/7
  3400 | D:4      | Found a burning altar of Makhleb.
  3654 | D:5      | Entered Level 5 of the Dungeon
  3719 | D:5      | Reached skill level 1 in Invocations
  3983 | D:5      | Noticed Prince Ribbit
  3995 | D:5      | Killed Prince Ribbit
  4151 | D:6      | Reached ** piety under Okawaru
  4151 | D:6      | Reached skill level 1 in Evocations
  4423 | D:6      | Got a flickering ivory ring
  4553 | D:6      | Reached skill level 5 in Invocations
  4715 | D:6      | HP: 2/70 [centaur/wand of acid (3) (17)]
  4715 | D:6      | Splashed by a centaur's acid

Skill      XL: |  1  2  3  4  5  6  7  8 |
---------------+-------------------------+-----
Long Blades    | 3 4 5 6 7 8 |  8.7
Fighting       | 4 5 6 |  6.0
Armour         | 4 5 6 |  6.0
Shields        | 4 5 6 |  6.0
Invocations    | 5 |  5.1
Evocations     | 2 |  2.2

Action                   |  1- 3 |  4- 6 |  7- 9 || total
-------------------------+-------+-------+-------++-------
Melee: Long sword        |    64 |   165 |   207 ||   436
       Headbutt          |     7 |    30 |    53 ||    90
  Use: Scroll            |       |     4 |     3 ||     7
       Potion            |       |     1 |     2 ||     3
  Eat: Chunk             |       |     6 |     3 ||     9
       Ration            |       |       |     1 ||     1
Armor: Scale mail        |    25 |    76 |    50 ||   151
Dodge: Dodged            |    23 |    47 |    46 ||   116
Block: Shield            |    25 |    70 |    87 ||   182
       Rpst.: Long sword |     5 |    13 |    11 ||    29
